 Dungeon Crawl Stone Soup version 0.31.0-11-ge490571c62 (webtiles) character file.

Game seed: 3991115802562592276

8242 hawla the Gouger (level 11, -16/55 HPs)
             Began as a Felid Shapeshifter on Jan 27, 2024.
             Was a Believer of Makhleb.
             Killed from afar by a manticore (17 damage)
             ... with a volley of spikes
             ... on level 11 of the Dungeon.
             The game lasted 00:20:09 (10032 turns).

hawla the Gouger (Felid Shapeshifter)              Turns: 10032, Time: 00:20:10

Health: -16/55     AC:  2    Str: 14    XL:     11   Next: 7%
Magic:  15/15      EV: 25    Int: 15    God:    Makhleb [**....]
Gold:   241        SH:  5    Dex: 15    Spells: 10/10 levels left
                                        Lives:  0   Deaths: 4

rFire   + .          .
                       - Unarmed
rCold   . . .        (shield unavailable)
rNeg    . . .        (body armour unavailable)
rPois   .            (helmet unavailable)
rElec   .            (cloak unavailable)
rCorr   .            (gloves unavailable)
SInv    +            (boots unavailable)
Will    ++...        p - amulet of reflection
Stlth   +            d - ring of willpower
HPRegen 0.29/turn    y - ring of protection from fire
MPRegen 0.14/turn

%: reflection
@: flux-form, spiked, glowing, studying Fighting
A: glow, contaminating, very small, claws 1, fangs 3, see invisible, shaggy fur
2, stealthy paws, no weapons or thrown items, no armour, multi-lived
a: Begin Untransformation, Renounce Religion, Minor Destruction


You were on level 11 of the Dungeon.
You worshipped Makhleb.
Makhleb was pleased with you.
You were something dangerously unstable.
You visited 2 branches of the dungeon, and saw 12 of its levels.

You collected 1021 gold pieces.
You spent 780 gold pieces at shops.

Inventory:

Jewellery
 d - a ring of willpower (left paw)
 j - an amulet of guardian spirit
 p - an amulet of reflection (around neck)
 y - a ring of protection from fire (right paw)
 B - an amulet of the acrobat
Talismans
 b - a beast talisman
 c - a flux talisman (active)
Wands
 a - a wand of polymorph (9)
 k - a wand of flame (40) (quivered)
 z - a wand of paralysis (2)
Scrolls
 n - a scroll of teleportation
 w - 4 scrolls of noise
Potions
 e - 4 potions of might
 f - 2 potions of invisibility
 g - 4 potions of haste
 h - a potion of lignification
 i - 2 potions of cancellation
 l - 2 potions of curing
 m - 2 potions of enlightenment
 o - 2 potions of magic
 q - 2 potions of heal wounds
 v - 2 potions of mutation
 x - 3 potions of attraction


   Skills:
 - Level 5.0 Fighting
 + Level 7.6 Dodging
 - Level 2.0 Stealth
 - Level 12.0 Unarmed Combat
 - Level 4.0 Invocations
 - Level 3.0 Evocations
 - Level 8.0 Shapeshifting


You had 10 spell levels left.
You didn't know any spells.
Your spell library contained the following spells:

 Spells                   Type           Power      Damage    Failure   Level
 Apportation              Tloc           0%         N/A       26%         1
 Freeze                   Ice            0%         1d3       26%         1
 Jinxbite                 Hex            0%         N/A       38%         2
 Mercury Vapours          Alch/Air       0%         N/A       38%         2
 Frozen Ramparts          Ice            0%         1d1       63%         3
 Gell's Gravitas          Tloc           0%         N/A       63%         3
 Hailstorm                Conj/Ice       0%         3d5       63%         3
 Mephitic Cloud           Conj/Alch/Air  0%         N/A       63%         3
 Teleport Other           Tloc           0%         N/A       63%         3
 Alistair's Intoxication  Alch           0%         N/A       100%        5
 Freezing Cloud           Conj/Ice/Air   0%         6-21      100%        5
 Lee's Rapid Deconstruct  Erth           0%         3d4*      100%        5
 Bombard                  Conj/Erth      0%         9d1       100%        6
 Dispersal                Tloc           0%         N/A       100%        6
 Malign Gateway           Summ/Tloc      0%         N/A       100%        7


Dungeon Overview and Level Annotations

Branches:
Dungeon (11/15)            Temple (1/1) D:5
   Lair: D:8-11         Orc: D:9-12

Altars:
Ashenzari
Cheibriados
Dithmenos
Elyvilon
Fedhas
Gozag
Hepliaklqana
Kikubaaqudgha
Makhleb
Nemelex Xobeh
Okawaru
Qazlal
Ru
Sif Muna
Trog
Uskayaw
Vehumet
Wu Jian
Xom
Yredelemnul
Zin
The Shining One

Shops:
D:11 !([

Annotations:
D:10 Amaemon
D:11 2 transporters, Urug


Innate Abilities, Weirdness & Mutations

You are something dangerously unstable.
You glow with magical radiation, making you easy to see and hit.
Foes you strike become dangerously contaminated with magical radiation.
You have sharp claws.
You have razor-sharp teeth.
You have supernaturally acute eyesight. (SInv)
You are covered in thick fur. (AC +2)
Your paws help you pounce on unaware monsters.
You are incapable of wielding weapons or throwing items.
You cannot wear armour.
You gain extra lives every three experience levels.


Message History

You bite the black bear.
The black bear is severely wounded.
The black bear bites you. The black bear completely misses you.
The black bear misses you.
You scratch the black bear.
The black bear shudders as magic cascades through it!
You kill the black bear!
Makhleb accepts your kill.
No target in view!
HP restored.
You open the door.
There is an open door here.
A manticore comes into view.
The manticore flicks its tail.
The volley of spikes skewers you!
The barbed spikes become lodged in your body.
Okay, then.
The manticore flicks its tail.
The volley of spikes skewers you!
The barbed spikes become lodged in your body.
The manticore flicks its tail.
The volley of spikes skewers you.
The barbed spikes become lodged in your body.
The manticore flicks its tail.
The volley of spikes skewers you.
The barbed spikes become lodged in your body.
The manticore flicks its tail.
The volley of spikes misses you.
The manticore flicks its tail.
The volley of spikes skewers you!
The barbed spikes become lodged in your body.
* * * LOW HITPOINT WARNING * * *
The manticore flicks its tail.
The volley of spikes skewers you!
The barbed spikes become lodged in your body.
* * * LOW HITPOINT WARNING * * *
The manticore flicks its tail.
The volley of spikes skewers you!
The barbed spikes become lodged in your body.
You die...

#####..#.....#...#
.......#....##...#
....#....#....#
#....+....#....#
#.>..######....###
#................#
....#++#####....#
###....# #..###
.....<.# #.p#
.......# #..#
.......### #...
.......... ..H..
......###########...
......#.........
....
......#.........
.....
......+.........
......
......#........


You could see a manticore.

Vanquished Creatures
  A two-headed ogre (D:8)
  Pikel (D:6)
  A cyclops (D:10)
  A gargoyle (D:11)
  A komodo dragon (D:10)
  Psyche (D:11)
  Prince Ribbit (D:5)
  Grinder (D:5)
  3 dream sheep (D:9)
  A wyvern (D:7)
  8 yaks
  A fire bat (D:8)
  A vampire (D:8)
  2 steam dragons (D:7)
  Menkaure (D:6)
  2 acid dragons
  3 water moccasins
  An orc warrior (D:9)
  2 black bears
  An ice beast (D:6)
  5 ogres
  A centaur (D:9)
  A phantom (D:4)
  2 kobold brigands (D:6)
  A bullfrog (D:8)
  A scorpion (D:5)
  4 wights
  5 killer bees (D:8)
  2 howler monkeys
  2 bombardier beetles
  3 hounds
  2 jellies
  3 sleepcaps
  A gnoll bouda (D:9)
  4 iguanas
  Natasha (thrice) (D:4)
  8 orc wizards
  A gnoll (D:4)
  8 adders
  A shadow imp (D:8)
  A white imp (D:6)
  4 dart slugs
  4 ribbon worms
  26 orcs
  4 ball pythons
  7 bats
  3 endoplasms
  2 giant cockroaches
  7 goblins
  6 hobgoblins
  14 jackals
  32 kobolds
  10 quokkas
  5 frilled lizards
  6 rats
223 creatures vanquished.

Notes
Turn   | Place    | Note
-------+----------+-------------------------------------------
     0 | D:1      | hawla the Felid Shapeshifter began the quest for the Orb.
     0 | D:1      | Reached XP level 1. HP: 10/10 MP: 2/2
   239 | D:1      | Slain by a quokka
   239 | D:1      | Lost a life (0 lives remaining)
   254 | D:1      | Reached XP level 2. HP: 14/14 MP: 3/3
   860 | D:1      | Found a faded altar of an unknown god.
   940 | D:2      | Reached XP level 3. HP: 18/18 MP: 4/4
   965 | D:2      | Reached skill level 4 in Unarmed Combat
  1270 | D:2      | Reached XP level 4. HP: 22/22 MP: 5/5
  1270 | D:2      | Gained a life (1 life remaining)
  1848 | D:3      | Reached skill level 5 in Unarmed Combat
  1939 | D:4      | Noticed a phantom
  1948 | D:4      | Killed a phantom
  1949 | D:4      | Reached XP level 5. HP: 19/25 MP: 4/6
  1960 | D:4      | Reached skill level 6 in Unarmed Combat
  2161 | D:4      | Gained mutation: You are covered in thick fur. (AC +2)
                  | [Felid growth]
  2161 | D:4      | Reached XP level 6. HP: 29/30 MP: 7/7
  2660 | D:4      | Noticed Natasha
  2684 | D:4      | Killed Natasha
  2695 | D:4      | Noticed Natasha
  2706 | D:4      | Killed Natasha
  2923 | D:4      | Noticed Natasha
  2935 | D:4      | Killed Natasha
  3157 | D:4      | Reached skill level 5 in Shapeshifting
  3157 | D:4      | Reached XP level 7. HP: 33/33 MP: 8/8
  3157 | D:4      | Gained a life (2 lives remaining)
  3340 | D:5      | Entered Level 5 of the Dungeon
  3501 | D:5      | Noticed Grinder
  3551 | D:5      | Killed Grinder
  3911 | D:5      | Noticed Prince Ribbit
  3930 | D:5      | Killed Prince Ribbit
  3931 | D:5      | Reached skill level 1 in Evocations
  3931 | D:5      | Reached XP level 8. HP: 11/37 MP: 2/9
  4055 | D:5      | Found a staircase to the Ecumenical Temple.
  4064 | Temple   | Entered the Ecumenical Temple
  4085 | Temple   | Became a worshipper of Makhleb the Destroyer
  4566 | D:6      | Noticed Menkaure
  4577 | D:6      | Killed Menkaure
  4778 | D:6      | Noticed Pikel
  4793 | D:6      | Killed Pikel
  4794 | D:6      | Reached skill level 8 in Unarmed Combat
  5012 | D:6      | Reached XP level 9. HP: 41/41 MP: 10/10
  5191 | D:6      | Reached skill level 9 in Unarmed Combat
  5321 | D:6      | Reached * piety under Makhleb
  5696 | D:6      | Reached skill level 10 in Unarmed Combat
  6292 | D:7      | Noticed Maggie
  6296 | D:7      | Maggie changed into Maggie the ogre
  6296 | D:7      | Noticed Maggie
  6303 | D:7      | Killed Maggie the ogre
  6687 | D:7      | Reached skill level 5 in Fighting
  6705 | D:7      | Reached skill level 1 in Invocations
  7006 | D:8      | Reached ** piety under Makhleb
  7560 | D:8      | Found a hazy altar of Hepliaklqana.
  7616 | D:8      | Reached XP level 10. HP: 51/51 MP: 14/14
  7896 | D:8      | Noticed a two-headed ogre
  7906 | D:8      | Killed a two-headed ogre
  8059 | D:8      | Reached skill level 11 in Unarmed Combat
  8143 | D:8      | Got Sif Muna's Cyclopedia of the Spatial Geologist
  8709 | D:9      | Reached skill level 12 in Unarmed Combat
  9396 | D:10     | Entered Level 10 of the Dungeon
  9497 | D:10     | Reached skill level 5 in Dodging
  9663 | D:10     | Noticed a cyclops
  9670 | D:10     | Killed a cyclops
  9718 | D:10     | Noticed Amaemon
  9718 | D:10     | Noticed an orange demon
  9760 | D:10     | HP: 4/109 [wight/+3 spear (3)]
  9761 | D:10     | HP: 1/108 [poisoned by Amaemon]
  9763 | D:10     | Succumbed to Amaemon's poison
  9763 | D:10     | Lost a life (1 life remaining)
  9776 | D:11     | Identified a scroll of acquirement
  9776 | D:11     | Acquired a manual of Fighting
  9800 | D:11     | Found a transporter.
  9811 | D:11     | Found a transporter.
  9816 | D:11     | Found a bloodstained altar of Trog.
  9816 | D:11     | Noticed a tengu warrior
  9840 | D:11     | Noticed Urug
  9843 | D:11     | Mangled by Urug
  9843 | D:11     | Lost a life (0 lives remaining)
  9844 | D:11     | Found Zetexor's Armour Shop.
  9844 | D:11     | Found Jeaser's Antique Weapon Boutique.
  9858 | D:11     | Noticed Psyche
  9872 | D:11     | Killed Psyche
  9873 | D:11     | Reached XP level 11. HP: 27/55 MP: 15/15
  9873 | D:11     | Gained a life (1 life remaining)
  9931 | D:11     | Slain by a yak
  9931 | D:11     | Lost a life (0 lives remaining)
  9937 | D:11     | Found Yqehad's Distillery.
  9945 | D:11     | Bought a potion of invisibility for 120 gold pieces
  9945 | D:11     | Bought a potion of attraction for 45 gold pieces
  9945 | D:11     | Bought a potion of mutation for 120 gold pieces
  9945 | D:11     | Bought a potion of curing for 45 gold pieces
  9945 | D:11     | Bought a potion of enlightenment for 75 gold pieces
  9945 | D:11     | Bought 2 potions of heal wounds for 150 gold pieces
  9945 | D:11     | Bought a potion of invisibility for 120 gold pieces
  9945 | D:11     | Bought a potion of curing for 45 gold pieces
  9945 | D:11     | Bought a potion of might for 60 gold pieces
 10031 | D:11     | HP: 1/55 [manticore/volley of spikes (13)]
 10032 | D:11     | Killed from afar by a manticore

Illustrated notes

Levels and vault maps discovered:
D:1:      eino_arrival_water_star, layout_basic,
          dreamdust_ecumenical_altar_angels_and_demons
D:2:      layout_rooms, serial_park_tiny_1
D:3:      layout_rooms
D:4:      minmay_polygon_palace, layout_basic, item_on_display_a, uniq_natasha
D:5:      layout_cave_pods, minmay_temple_entry_poolview, serial_bayou,
          serial_bayou_lake_a, serial_bayou_pond_c, serial_bayou_pond_a,
          serial_bayou_shore_a, uniq_grinder, uniq_prince_ribbit1
D:6:      layout_loops_ring, chequers_serial_rivers_micro_d,
          minmay_unpleasant_kobolds, uniq_menkaure, uniq_pikel
D:7:      layout_gridville, uniq_maggie
D:8:      layout_layer_cave, overflow_temple_1_default, serial_co_window_serial,
          co_window_corner_a, co_window_corner_a, co_window_paths_a,
          co_window_of_opportunity_a, co_window_of_opportunity_a,
          co_window_corner_cb, co_window_of_opportunity_c, co_window_cross_2,
          co_window_corner_cb, co_window_sun, glass_columns_a, glass_columns_b,
          glass_columns_c, glass_columns_a
D:9:      layout_rooms, dreamdust_gnoll_shepherd
D:10:     layout_gridville, nzn_sisyphean_effort, uniq_amaemon, uniq_maurice
D:11:     layout_irregular_city, grunt_lair_entry_orc_guard_hut,
          gammafunk_ghost_wrathful_warriors, serial_shops, shop, shop, shop,
          nicolae_shop_rolling_square, nicolae_shop_peninsula,
          portal_ice_cave_demonic_guard, columned_hall_lemuel,
          palyth_stone_intersect, uniq_psyche, uniq_urug
Temple:   mainiacjoe_temple_circle_huts

Skill      XL: |  1  2  3  4  5  6  7  8  9 10 |
---------------+-------------------------------+-----
Dodging        | 3 4 7 |  7.6
Unarmed Combat | 4 5 6 8 10 12 | 12.0
Shapeshifting  | 3 5 7 8 |  8.0
Evocations     | 1 3 |  3.0
Fighting       | 5 |  5.0
Invocations    | 4 |  4.0
Stealth        | 2 |  2.0

Action                     |  1- 3 |  4- 6 |  7- 9 | 10-12 || total
---------------------------+-------+-------+-------+-------++-------
  Melee: Unarmed           |   123 |   186 |   281 |   177 ||   767
         Bite              |    15 |    17 |    50 |    25 ||   107
         Punch             |     2 |     4 |     4 |       ||    10
  Evoke: Wand              |       |     1 |     7 |     4 ||    12
    Use: Scroll            |     4 |     4 |     5 |    10 ||    23
         Potion            |       |     8 |       |     4 ||    12
   Stab: Sleeping          |     1 |       |       |       ||     1
         Invisible         |       |     2 |       |       ||     2
         Paralysed         |       |     1 |     1 |     2 ||     4
 Armour: Skin              |    49 |    79 |    96 |    81 ||   305
  Dodge: Dodged            |   120 |   119 |   239 |   125 ||   603
  Block: Other             |       |       |     1 |    33 ||    34
         Reflection        |       |       |       |     2 ||     2
   Form: Flux              |       |       |     1 |       ||     1
